AoeStats
← MisoConnoisseur

Fortress

509878642Analyzed
4v4 RM · 5d ago on Sep 28, 2026· 34m 18s· 8 players
Game mode
Random Map
Map size
Huge
Population
200
Speed
Normal
Resources
Standard
Victory
Conquest
Starting age
Dark Age
Ending age
Imperial Age
RankedLock teamsTeams togetherTeam positionsShared explorationLock speedFull tech treeHidden civsTurbo modeCheats
Victory
Defeat
🇨🇳 Italians · China
1204
+13
🇨🇳 Wei · China
1191
+14
🇦🇺 Danes · Australia
1178
+14
🇦🇺 Saxons · Australia
1110
+16
🇵🇱 Danes · Poland
1160
-15
🇹🇼 Persians · Taiwan
1151
-15
🇹🇼 Celts · Taiwan
1122
-14
🇪🇸 Romans · Spain
1109
-13
MisoConnoisseur
7:00 Feudal Age
7:43 Double-Bit Axe
8:20 Horse Collar
11:57 Castle Age
12:42 Wheelbarrow
13:23 Bow Saw
15:15 Hand Cart
16:03 Heavy Plow
17:47 Loom
20:51 Gold Mining
22:10 Gold Shaft Mining
22:55 Stone Mining
25:49 Imperial Age
23:22 Husbandry
23:12 Treadmill Crane
24:39 Bloodlines
24:41 Scale Barding Armor
24:48 Squires
25:19 Ballistics
24:51 Guard Tower
25:49 Arson
25:58 Gambesons
25:35 Man-at-Arms
27:22 Keep
26:38 Arrowslits
28:01 Chemistry
28:11 Two-Man Saw
27:08 Long Swordsman
27:49 Town Watch
28:27 Murder Holes
28:43 Masonry
30:05 Fortified Wall
30:00 Town Patrol
30:07 Two-Handed Swordsman
30:17 Light Cavalry
31:45 Crop Rotation
31:38 Fletching
32:18 Conscription
31:29 Sappers
32:09 Champion
32:55 Scale Mail Armor
33:07 Forging
33:40 Bodkin Arrow
34:07 Chain Mail Armor
34:29 Iron Casting
34:31 Architecture
34:45 Bracer
Weak Foe Ahead
7:55 Feudal Age
9:19 Loom
9:42 Double-Bit Axe
12:16 Castle Age
10:32 Horse Collar
11:07 Loom
12:21 Wheelbarrow
16:04 Bow Saw
16:05 Gold Mining
17:59 Scale Mail Armor
22:52 Gold Shaft Mining
23:01 Squires
25:51 Imperial Age
28:14 Siege Engineers
28:24 Onager
28:32 Hamask
30:37 Siege Onager
33:40 Conscription
32:43 Elite Jomsviking
34:30 Forging
sinkhere
8:10 Feudal Age
9:10 Double-Bit Axe
9:08 Horse Collar
13:21 Castle Age
12:25 Gold Mining
14:08 Heavy Plow
14:20 Bow Saw
17:15 Scale Barding Armor
17:21 Forging
20:44 Stone Mining
21:31 Wheelbarrow
26:10 Imperial Age
25:19 Bloodlines
25:10 Husbandry
26:52 Hand Cart
27:27 Chain Barding Armor
28:38 Iron Casting
28:14 Heavy Hei Guang Cavalry
32:15 Blast Furnace
The Knight
8:12 Feudal Age
9:15 Double-Bit Axe
10:30 Horse Collar
13:03 Castle Age
11:57 Loom
20:40 Wheelbarrow
20:58 Bow Saw
23:34 Imperial Age
21:09 Gold Mining
24:31 Town Watch
26:12 Chemistry
26:58 Conscription
26:31 Fletching
26:42 Padded Archer Armor
26:42 Scale Mail Armor
30:03 Light Cavalry
30:44 Husbandry
34:12 Two-Man Saw
34:37 Bodkin Arrow
34:57 Leather Archer Armor
34:43 Heavy Plow
FutureJorTrunks
6:08 Feudal Age
6:57 Double-Bit Axe
6:57 Horse Collar
9:17 Gold Mining
14:18 Castle Age
15:49 Bow Saw
17:01 Heavy Plow
21:45 Gold Shaft Mining
26:24 Imperial Age
28:10 Scale Barding Armor
28:46 Heavy Scorpion
31:21 Ballistics
Sir Cumcised
0:41 Loom
6:51 Feudal Age
8:11 Double-Bit Axe
12:21 Castle Age
10:34 Horse Collar
15:01 Wheelbarrow
14:52 Bow Saw
20:06 Heavy Plow
25:44 Imperial Age
24:33 Hand Cart
24:03 Town Watch
25:07 Forging
24:57 Scale Mail Armor
24:54 Gold Mining
24:57 Stone Mining
27:05 Iron Casting
26:45 Chain Mail Armor
27:06 Elite Jomsviking
30:11 Blast Furnace
29:42 Plate Mail Armor
29:31 Hamask
31:01 Ballistics
31:11 Fletching
OAO
7:47 Feudal Age
7:02 Loom
8:55 Double-Bit Axe
9:16 Horse Collar
12:30 Castle Age
18:21 Scale Barding Armor
18:27 Forging
24:45 Husbandry
25:48 Bloodlines
28:29 Chain Barding Armor
28:45 Iron Casting
32:13 Imperial Age
30:21 Wheelbarrow
31:31 Iron Casting
30:56 Gold Mining
32:34 Hand Cart
32:52 Conscription
31:55 Cavalier
33:12 Plate Barding Armor
33:29 Gold Shaft Mining
34:41 Blast Furnace
火耗龜公
8:19 Feudal Age
12:00 Castle Age
10:20 Loom
11:14 Wheelbarrow
10:33 Double-Bit Axe
10:32 Horse Collar
10:39 Loom
12:02 Wheelbarrow
13:24 Town Watch
15:00 Bow Saw
16:34 Heavy Plow
18:07 Stone Mining
18:23 Gold Mining
21:09 Hand Cart
32:22 Imperial Age
32:30 Elite Woad Raider
33:31 Conscription
32:35 Capped Ram
32:39 Heavy Scorpion
34:21 Furor Celtica
34:26 Masonry
34:22 Siege Engineers
34:40 Ballistics
Connection lost

Rejoining the realm…

Still unreachable

The connection could not be restored.

Session expired

The server has moved on; the page needs a fresh start.